 Dungeon Crawl Stone Soup version 0.20.1-1-g8b1a95d (webtiles) character file.

65006 Irenicus the Bludgeoner (level 15, 0/201 HPs)
             Began as a Naga Berserker on Nov 17, 2017.
             Was the Champion of Trog.
             Slain by a redback (2 damage)
             ... on level 2 of the Spider Nest.
             The game lasted 01:19:38 (9687 turns).

Irenicus the Bludgeoner (Naga Berserker)            Turns: 9687, Time: 01:19:39

Health: 0/201      AC: 27    Str: 21    XL:     15   Next: 15%
Magic:  15/15      EV:  1    Int:  8    God:    Trog [******]
Gold:   1050       SH:  0    Dex: 15    Spells: 14/14 levels left

rFire    + . .     SeeInvis +   a - +7 great mace (venom)
rCold    . . .     Gourm    .   (shield currently unavailable)
rNeg     + + +     Faith    .   (armour currently unavailable)
rPois    +         Spirit   .   (helmet currently unavailable)
rElec    .         Reflect  +   (cloak currently unavailable)
rCorr    .         Harm     .   (gloves currently unavailable)
MR       +....     Rnd*Rage +   (no barding) Stlth ++........NoTele +
                                F - +6 amulet of reflection
Regen    0.5/turn               b - ring of protection from fire
MPRegen  0.2/turn               Y - +2 ring of slaying

@: tree-form (expiring), berserk cooldown, very slightly contaminated, held,
slowed, very slow
A: see invisible, berserk 1, deterioration 1, slow metabolism 1, spit poison 2,
AC +5
a: Breathe Poison Gas, Berserk, Trog's Hand, Brothers in Arms, Burn Spellbooks,
Renounce Religion


You were on level 2 of the Spider Nest.
You worshipped Trog.
Trog was exalted by your worship.
You were hungry.
You were a tree.
You visited 4 branches of the dungeon, and saw 22 of its levels.

You collected 1099 gold pieces.
You spent 49 gold pieces at shops.

Inventory:

Hand Weapons
 a - a +7 great mace of venom (weapon)
 u - the +7 great mace "Undeadhunter" {disrupt, rN+}
   (You found it on level 4 of the Dungeon)

   It protects you from negative energy.
 I - the +6 mace "Gomulal" {flame, rC+ Dex+3}
   (You found it on level 2 of the Spider Nest)

   It has been specially enchanted to burn those struck by it, causing extra
   injury to most foes and up to half again as much damage against particularly
   susceptible opponents.
   It affects your dexterity (+3).
   It protects you from cold.
 V - a +3 antimagic great mace
Missiles
 f - 2 throwing nets
Armour
 m - a +0 cloak (melded)
 y - the +9 shield of Supple Strength {*Contam Slay+4}
   (You took it off Donald on level 2 of the Spider Nest)

   It affects your accuracy and damage with ranged weapons and melee attacks
   (+4).
   It causes magical contamination when unequipped.
 L - a +2 pair of gloves of strength (melded)
 Q - the +8 plate armour of Life (melded) {*Contam rPois rCorr Stlth+}
   (You found it on level 10 of the Dungeon)

   It protects you from poison.
   It causes magical contamination when unequipped.
   It protects you from acid and corrosion.
   It makes you more stealthy.
 Z - a +1 naga barding (melded)
Jewellery
 b - a ring of protection from fire (left branch)
 j - an uncursed amulet of magic regeneration
 k - an uncursed ring of flight
 z - an uncursed ring of protection from fire
 F - a +6 amulet of reflection (around neck)
 Y - a +2 ring of slaying (right branch)
Wands
 x - a wand of lightning (9/15)
 C - a wand of clouds (2/9)
 H - a wand of paralysis (7/24)
 S - a wand of flame (21/48)
 W - a wand of random effects (17/48)
 X - a wand of iceblast (8/15)
Scrolls
 h - 5 scrolls of magic mapping
 i - 4 scrolls of recharging
 n - a scroll of enchant armour
 p - 4 scrolls of enchant weapon
 v - 7 scrolls of remove curse
 A - 6 scrolls of teleportation
 D - a scroll of blinking
 G - 2 scrolls of immolation
 O - 3 scrolls of amnesia
Potions
 d - 3 potions of mutation
 e - 5 potions of agility
 g - 6 potions of haste
 l - 4 potions of heal wounds
 q - 5 potions of curing
 r - 3 potions of brilliance
 t - 6 potions of flight
 E - a potion of lignification
 J - a potion of resistance
 M - a potion of invisibility
 U - 2 potions of might
Books
 s - a book of Callings

   Spells                             Type                      Level
   a - Summon Small Mammal            Summoning                    1
   b - Call Imp                       Summoning                    2
   c - Call Canine Familiar           Summoning                    3
   d - Summon Guardian Golem          Hexes/Summoning              3
   e - Summon Lightning Spire         Summoning/Air                4
   f - Summon Ice Beast               Ice/Summoning                4
   Trog disapproves of the use of such an item.
 B - a book of Geomancy

   Spells                             Type                      Level
   a - Sandblast                      Earth                        1
   b - Passwall                       Transmutation/Earth          2
   c - Stone Arrow                    Conjuration/Earth            3
   d - Petrify                        Transmutation/Earth          4
   e - Lee's Rapid Deconstruction     Earth                        5
   Trog disapproves of the use of such an item.
 K - a book of Cantrips

   Spells                             Type                      Level
   a - Confusing Touch                Hexes                        1
   b - Animate Skeleton               Necromancy                   1
   c - Summon Small Mammal            Summoning                    1
   d - Apportation                    Translocation                1
   Trog disapproves of the use of such an item.
 N - a book of Minor Magic

   Spells                             Type                      Level
   a - Magic Dart                     Conjuration                  1
   b - Blink                          Translocation                2
   c - Call Imp                       Summoning                    2
   d - Slow                           Hexes                        2
   e - Conjure Flame                  Conjuration/Fire             3
   f - Mephitic Cloud                 Conjuration/Poison/Air       3
   Trog disapproves of the use of such an item.
 R - a book of Changes

   Spells                             Type                      Level
   a - Beastly Appendage              Transmutation                1
   b - Sticks to Snakes               Transmutation                2
   c - Spider Form                    Transmutation/Poison         3
   d - Ice Form                       Ice/Transmutation            4
   e - Blade Hands                    Transmutation                5
   Trog disapproves of the use of such an item.
 T - a book of Death

   Spells                             Type                      Level
   a - Corpse Rot                     Necromancy                   2
   b - Sublimation of Blood           Necromancy                   2
   c - Agony                          Necromancy                   5
   d - Dispel Undead                  Necromancy                   5
   e - Excruciating Wounds            Charms/Necromancy            5
   f - Bolt of Draining               Conjuration/Necromancy       5
   Trog disapproves of the use of such an item.
Miscellaneous
 w - a fan of gales
 P - a phial of floods (inert)
Comestibles
 c - 9 bread rations
 o - 10 meat rations


   Skills:
 + Level 8.8 Fighting
   Level 5.6 Long Blades
 - Level 20.0 Maces & Flails
 - Level 10.0 Armour
 - Level 2.0 Dodging
 - Level 1.4 Stealth


You had 14 spell levels left.
You didn't know any spells.

Dungeon Overview and Level Annotations

Branches:
Dungeon (15/15)            Temple (1/1) D:6            Lair (4/6) D:8
  Swamp (0/4) Lair:4       Spider (2/4) Lair:4          Orc (0/2) D:9
 Vaults (0/5) D:13         Depths (0/5) D:15

Altars:
Dithmenos
Fedhas
Nemelex Xobeh
Qazlal
Ru
Trog

Shops:
D:4 %   D:15 *((*


Innate Abilities, Weirdness & Mutations

You cannot wear boots.
((Your serpentine skin is tough. (AC +5)))
You have supernaturally acute eyesight. (SInv)
((Armour fits poorly on your strangely shaped body.))
((Your system is resistant to poisons. (rPois)))
((You cover ground very slowly.))
You have a slow metabolism.
You can exhale a cloud of poison.
((You can use your snake-like lower body to constrict enemies.))
((You have sharp fingernails.))
((Your tail ends in a poisonous barb.))
You tend to lose your temper in combat.
Your body sometimes deteriorates upon taking damage.


Message History

* * * LOW HITPOINT WARNING * * *
The jumping spider bites you.
* * * LOW HITPOINT WARNING * * *
You feel much better. The jumping spider pounces on you!
* * * LOW HITPOINT WARNING * * *
The jumping spider bites you but does no damage.
The jumping spider pounces on you but does no damage.
The jumping spider bites you but does no damage.
The jumping spider pounces on you but does no damage.
The jumping spider bites you but does no damage.
The redback bites you but does no damage.
The jumping spider pounces on you!
* * * LOW HITPOINT WARNING * * *
The jumping spider bites you.
* * * LOW HITPOINT WARNING * * *
The jumping spider pounces on you but does no damage.
The jumping spider bites you.
* * * LOW HITPOINT WARNING * * *
The redback bites you.
You die...

## #####.##
#..#..^##
##.......#
###.......####
##.....#♣#.....
#.s....sss....#
...^..........#
...##.......###
. .w...^..##
#...#^....#
......[...##
.^.........#
.##§.§......


You could see 2 jumping spiders, a tarantella (berserk), a redback and a worm.

Vanquished Creatures
  Donald (Spider:2)
  Louise (D:15)
  2 entropy weavers
  Azrael (D:15)
  4 hydras
  3 vault guards (D:13)
  2 centaur warriors (D:15)
  3 two-headed ogres
  The ghost of Folque the Destroyer, a journeyman OpWz of Sif Muna (Lair:1)
  2 death yaks (Lair:4)
  Sonja (D:15)
  Urug (D:13)
  Nergalle (Lair:3)
  The ghost of ThereIsNoGod the Grappler, a novice TrFi (D:10)
  2 unseen horrors (D:14)
  2 wizards (D:13)
  A mana viper (shapeshifter) (D:14)
  The ghost of gagarinx the Covert, a novice FeBe of Trog (D:9)
  3 orb spiders (Spider:1)
  A necromancer (D:13)
  A wolf spider zombie (D:15)
  11 ugly things
  3 wolf spiders
  A deep elf mage (D:13)
  2 cyclopes
  3 moths of wrath (Spider:2)
  3 elephants (Lair:4)
  4 black mambas
  Joseph (D:7)
  Maurice (D:8)
  3 spiny frogs
  A torpor snail (Lair:4)
  A gargoyle (D:14)
  2 komodo dragons
  2 rime drakes
  A demonic crawler (Spider:1)
  2 freezing wraiths (D:14)
  12 jumping spiders
  3 trolls
  3 blink frogs (Lair:4)
  2 hornets
  2 hippogriffs
  Sigmund (D:3)
  2 shadows
  10 tarantellas
  4 hogs (D:7)
  3 wyverns
  24 yaks
  25 redbacks
  A vampire (D:13)
  20 humans
  Grum (D:8)
  A wraith (D:14)
  A fire elemental (D:15)
  2 hungry ghosts
  2 steam dragons
  The ghost of hilaritas the Digger, an amateur DrEE (D:4)
  4 hell hounds (D:15)
  7 water moccasins
  9 porcupines
  2 black bears
  4 orc warriors
  An eye of draining (D:13)
  3 phantoms
  2 ice beasts
  2 sky beasts
  5 ogres
  2 wolves (D:8)
  14 centaurs
  6 crocodiles
  2 big kobolds (D:8)
  14 bullfrogs
  5 scorpions
  3 troll zombies (D:9)
  7 killer bees
  3 wights (D:9)
  3 howler monkeys
  3 electric eels
  8 crimson imps
  4 jellies
  2 quasits
  A bullfrog skeleton (D:13)
  2 bullfrog zombies
  6 centaur skeletons
  8 orc priests
  A gnoll shaman (D:8)
  4 hounds
  9 orc wizards
  2 iguanas
  11 worker ants
  5 ogre zombies (D:9)
  2 hound zombies
  A howler monkey zombie (D:5)
  12 adders
  6 gnolls
  A howler monkey skeleton (D:9)
  2 shadow imps
  2 oozes
  An adder skeleton (D:4)
  6 worms
  3 leopard geckos
  55 orcs
  5 giant cockroaches
  6 goblins
  5 hobgoblins
  17 jackals
  5 quokkas
  2 ball pythons (D:4)
  5 bats
  5 frilled lizards
  3 goblin skeletons (D:9)
  3 goblin zombies (D:9)
  A hobgoblin skeleton (D:9)
  A hobgoblin zombie (D:9)
  18 kobolds
  A leopard gecko skeleton (D:4)
  4 orc skeletons (D:9)
  13 orc zombies (D:9)
  3 rats
548 creatures vanquished.

Vanquished Creatures (others)
  A centaur (D:14)
  2 plants (Spider:2)
3 creatures vanquished.

Grand Total: 551 creatures vanquished

Notes
Turn   | Place    | Note
-------+----------+-------------------------------------------
     0 | D:1      | Irenicus the Naga Berserker began the quest for the Orb.
     0 | D:1      | Reached XP level 1. HP: 21/21 MP: 1/1
   106 | D:1      | Found a sparkling altar of Nemelex Xobeh.
   355 | D:1      | Reached XP level 2. HP: 26/28 MP: 2/2
   570 | D:2      | Reached XP level 3. HP: 10/34 MP: 3/3
   579 | D:2      | Reached ** piety under Trog
   920 | D:2      | Reached skill level 1 in Stealth
   940 | D:2      | Found a sparkling altar of Nemelex Xobeh.
  1137 | D:2      | Reached XP level 4. HP: 34/43 MP: 4/4
  1256 | D:3      | Found a sacrificial altar of Ru.
  1340 | D:3      | Noticed Sigmund
  1354 | D:3      | Killed Sigmund
  1354 | D:3      | Reached XP level 5. HP: 51/51 MP: 5/5
  1354 | D:3      | Reached XP level 6. HP: 58/58 MP: 6/6
  1594 | D:4      | Noticed hilaritas's ghost (amateur DrEE)
  1607 | D:4      | Killed hilaritas's ghost
  1607 | D:4      | Reached *** piety under Trog
  1739 | D:4      | Reached skill level 5 in Fighting
  1739 | D:4      | Reached skill level 5 in Long Blades
  1739 | D:4      | Reached XP level 7. HP: 67/67 MP: 7/7
  1803 | D:4      | Found Xitz's Food Shop.
  1923 | D:4      | Found a shadowy altar of Dithmenos.
  2037 | D:4      | Reached skill level 1 in Maces & Flails
  2095 | D:4      | Reached skill level 2 in Maces & Flails
  2172 | D:5      | Entered Level 5 of the Dungeon
  2176 | D:5      | Reached skill level 3 in Maces & Flails
  2271 | D:5      | Reached skill level 4 in Maces & Flails
  2271 | D:5      | Reached XP level 8. HP: 74/74 MP: 8/8
  2290 | D:5      | Gained mutation: You can translocate small distances at will. [mutagenic meat]
  2291 | D:5      | Gained mutation: You are partially covered in slimy green scales. (AC +2) [mutagenic meat]
  2450 | D:5      | Reached skill level 5 in Maces & Flails
  2517 | D:6      | Reached **** piety under Trog
  2521 | D:6      | Reached skill level 6 in Maces & Flails
  2623 | D:6      | Found a staircase to the Ecumenical Temple.
  2632 | Temple   | Entered the Ecumenical Temple
  2743 | D:6      | Reached skill level 7 in Maces & Flails
  2879 | D:7      | Reached skill level 8 in Maces & Flails
  2879 | D:7      | Reached XP level 9. HP: 74/81 MP: 9/9
  2963 | D:7      | Noticed Joseph
  2971 | D:7      | Killed Joseph
  2971 | D:7      | Reached skill level 9 in Maces & Flails
  3192 | D:7      | Reached skill level 10 in Maces & Flails
  3209 | D:7      | Reached skill level 11 in Maces & Flails
  3456 | D:8      | Reached XP level 10. HP: 88/88 MP: 10/10
  3528 | D:8      | Found a staircase to the Lair.
  3556 | D:8      | Noticed Grum
  3556 | D:8      | You fall through a shaft for 2 floors!
  3556 | D:10     | Entered Level 10 of the Dungeon
  3590 | D:10     | Noticed ThereIsNoGod's ghost (novice TrFi)
  3597 | D:10     | Killed ThereIsNoGod's ghost
  3648 | D:10     | Reached skill level 12 in Maces & Flails
  3691 | D:9      | Reached ***** piety under Trog
  3711 | D:9      | Found a staircase to the Orcish Mines.
  3768 | D:9      | Received a gift from Trog
  3791 | D:9      | Found a blossoming altar of Fedhas.
  3980 | D:9      | Noticed gagarinx's ghost (novice FeBe)
  3983 | D:9      | Reached skill level 13 in Maces & Flails
  3987 | D:9      | Killed gagarinx's ghost
  4009 | D:9      | Reached XP level 11. HP: 24/94 MP: 11/11
  4010 | D:9      | Reached skill level 14 in Maces & Flails
  4312 | D:8      | Killed Grum
  4364 | D:8      | Found a bloodstained altar of Trog.
  4478 | D:8      | Noticed Maurice
  4496 | D:8      | Killed Maurice
  4665 | D:10     | Got an ancient plate armour
  4747 | D:10     | Identified the +8 plate armour of Life {*Contam rPois rCorr Stlth+} (You found it on level 10 of the Dungeon)
  4870 | D:10     | Paralysed by a hornet for 1 turns
  4899 | D:11     | Reached skill level 15 in Maces & Flails
  4951 | D:11     | Noticed a cyclops
  4958 | D:11     | Noticed a two-headed ogre
  4960 | D:11     | Killed a cyclops
  4970 | D:11     | Killed a two-headed ogre
  5005 | D:11     | Reached skill level 5 in Armour
  5066 | D:11     | Noticed a brown ugly thing
  5069 | D:11     | Received a gift from Trog
  5075 | D:11     | Killed a brown ugly thing
  5083 | D:11     | Gained mutation: You are clumsy. (Dex -2) [mutagenic meat]
  5153 | D:11     | Noticed a five-headed hydra
  5161 | D:11     | Killed a five-headed hydra
  5530 | D:12     | Noticed a five-headed hydra
  5538 | D:12     | Killed a five-headed hydra
  5538 | D:12     | Reached XP level 12. HP: 103/103 MP: 12/12
  5759 | D:12     | Noticed a two-headed ogre
  5767 | D:12     | Killed a two-headed ogre
  5836 | D:12     | Gained mutation: You have sharp fingernails. [mutagenic meat]
  5837 | D:12     | Lost mutation: You can translocate small distances at will. [mutagenic meat]
  5881 | D:12     | Lost mutation: You are clumsy. (Dex -2) [potion of mutation]
  5881 | D:12     | Lost mutation: You are partially covered in slimy green scales. (AC +2) [potion of mutation]
  5881 | D:12     | Gained mutation: You can exhale a cloud of poison. [potion of mutation]
  5881 | D:12     | Gained mutation: Your tail ends in a poisonous barb. [potion of mutation]
  6018 | D:13     | Noticed Urug
  6044 | D:13     | Killed Urug
  6193 | D:13     | Noticed a vault guard
  6204 | D:13     | Killed a vault guard
  6221 | D:13     | Reached skill level 10 in Armour
  6230 | D:13     | Noticed a vault guard
  6235 | D:13     | Reached ****** piety under Trog
  6236 | D:13     | Noticed a vault guard
  6244 | D:13     | Received a gift from Trog
  6248 | D:13     | Killed a vault guard
  6250 | D:13     | Killed a vault guard
  6272 | D:13     | Gained mutation: You can use your snake-like lower body to constrict enemies. [Naga growth]
  6272 | D:13     | Reached XP level 13. HP: 58/109 MP: 6/13
  6281 | D:13     | Reached skill level 16 in Maces & Flails
  6289 | D:13     | Found a gate to the Vaults.
  7051 | D:15     | Entered Level 15 of the Dungeon
  7052 | D:15     | Found Nazxoal's Weapon Shop.
  7090 | D:15     | Reached skill level 17 in Maces & Flails
  7154 | D:15     | Found Hoakkaing's General Store.
  7166 | D:15     | Found a staircase to the Depths.
  7167 | D:15     | Noticed a fire giant
  7185 | D:15     | Noticed Sonja
  7191 | D:15     | Killed Sonja
  7198 | D:15     | Noticed Louise
  7211 | D:15     | Killed Louise
  7442 | D:15     | Noticed Azrael
  7442 | D:15     | Received a gift from Trog
  7453 | D:15     | Killed Azrael
  7461 | D:15     | Reached skill level 18 in Maces & Flails
  7476 | D:15     | Found Buni's Weapon Boutique.
  7555 | D:15     | Found Aplikid's Assorted Antiques.
  7563 | D:15     | Bought a scroll labeled ASTOME GIEPEO for 26 gold pieces
  7563 | D:15     | Bought a bubbling ruby potion for 23 gold pieces
  7625 | D:15     | Gained mutation: Your body sometimes deteriorates upon taking damage. [mutagenic meat]
  7885 | Lair:1   | Entered Level 1 of the Lair of Beasts
  7919 | Lair:1   | Noticed Folque's ghost (journeyman OpWz)
  7925 | Lair:1   | Killed Folque's ghost
  7925 | Lair:1   | Reached XP level 14. HP: 117/117 MP: 14/14
  8035 | Lair:1   | Found a stormy altar of Qazlal.
  8589 | Lair:3   | Noticed Nergalle
  8595 | Lair:3   | Killed Nergalle
  8595 | Lair:3   | Reached skill level 19 in Maces & Flails
  8965 | Lair:4   | Found a staircase to the Swamp.
  9146 | Lair:4   | Found a hole to the Spider Nest.
  9190 | Spider:1 | Entered Level 1 of the Spider Nest
  9362 | Spider:1 | Received a gift from Trog
  9362 | Spider:1 | Reached skill level 20 in Maces & Flails
  9380 | Spider:1 | Noticed an entropy weaver
  9389 | Spider:1 | Killed an entropy weaver
  9458 | Spider:2 | Noticed an emperor scorpion
  9458 | Spider:2 | Noticed an entropy weaver
  9491 | Spider:2 | Noticed Donald
  9505 | Spider:2 | Killed Donald
  9510 | Spider:2 | Got a jewelled shield
  9528 | Spider:2 | Reached XP level 15. HP: 47/129 MP: 15/15
  9553 | Spider:2 | Got an ichor-stained mace
  9554 | Spider:2 | Identified the +6 mace "Gomulal" {flame, rC+ Dex+3} (You found it on level 2 of the Spider Nest)
  9560 | Spider:2 | Identified the +9 shield of Supple Strength {*Contam Slay+4} (You took it off Donald on level 2 of the Spider Nest)
  9601 | Spider:2 | Gained mutation: You tend to lose your temper in combat. [mutagenic glow]
  9686 | Spider:2 | HP: 7/201 [jumping spider (4)]
  9687 | Spider:2 | HP: 2/201 [jumping spider (2)]
  9687 | Spider:2 | Slain by a redback

Skill      XL: |  1  2  3  4  5  6  7  8  9 10 11 12 13 14 15 |
---------------+----------------------------------------------+-----
Stealth        | 1 |  1.4
Dodging        | 2 |  2.0
Fighting       | 4 5 7 8 |  8.8
Long Blades    | 4 5 |  5.6
Armour         | 2 3 7 10 | 10.0
Maces & Flails | 4 8 11 13 15 18 20 | 20.0

Action                   |  1- 3 |  4- 6 |  7- 9 | 10-12 | 13-15 || total
-------------------------+-------+-------+-------+-------+-------++-------
Melee: Falchion          |   102 |    85 |    18 |       |       ||   205
       Great mace        |       |       |   212 |   508 |   465 ||  1185
       Tailslap          |       |       |       |    18 |    95 ||   113
       Constrict         |       |       |       |       |   101 ||   101
       Mace              |       |       |       |       |     2 ||     2
Throw: Javelin           |       |     4 |       |     4 |       ||     8
       Throwing net      |       |       |       |       |     1 ||     1
Invok: Berserk           |     1 |     3 |     6 |    13 |     5 ||    28
       Trog's Hand       |       |       |       |     2 |       ||     2
 Abil: Spit Poison       |     5 |     6 |     7 |    19 |       ||    37
       Blink             |       |       |       |     2 |       ||     2
       Breathe Poison Ga |       |       |       |     7 |    22 ||    29
Evoke: Wand              |       |       |       |     1 |     7 ||     8
       Phial of floods   |       |       |       |     1 |     1 ||     2
  Use: Scroll            |     3 |     2 |     6 |     8 |    12 ||    31
       Potion            |       |       |       |     1 |     8 ||     9
 Stab: Sleeping          |     2 |       |     3 |       |       ||     5
       Confused          |       |       |       |     1 |     3 ||     4
       Distracted        |       |       |       |     1 |       ||     1
       Invisible         |       |       |       |       |     4 ||     4
  Eat: Chunk             |     1 |     5 |    13 |    22 |     5 ||    46
       Royal jelly       |       |       |       |     3 |     5 ||     8
       Fruit             |       |       |       |     2 |       ||     2
       Bread ration      |       |       |       |       |     1 ||     1
Armor: Animal skin       |    14 |       |       |       |       ||    14
       Leather armour    |    30 |    42 |   141 |    14 |       ||   227
       Troll leather arm |       |       |       |    89 |       ||    89
       Plate armour      |       |       |       |   187 |   353 ||   540
       Skin              |       |       |       |       |    24 ||    24
Dodge: Dodged            |    78 |    67 |   149 |   166 |   103 ||   563
Block: Other             |       |       |    10 |   135 |   126 ||   271
       Reflection        |       |       |       |     6 |    10 ||    16
       Rpst.: Falchion   |    20 |    23 |     2 |       |       ||    45
